 Dungeon Crawl Stone Soup version 0.19-a0-1821-g42c593c (webtiles) character file.

96 kae the Shield-Bearer (level 4, -2/37 HPs)
             Began as a Formicid Fighter on Oct 6, 2016.
             Slain by Grinder (3 damage)
             ... on level 3 of the Dungeon.
             The game lasted 00:01:56 (2822 turns).

kae the Shield-Bearer (Formicid Fighter)            Turns: 2822, Time: 00:01:57

Health: -2/37      AC:  6    Str: 21    XL:     4   Next: 98%
Magic:  4/4        EV:  8    Int:  8    God:
Gold:   56         SH:  9    Dex: 10    Spells: 0 memorised, 3 levels left

rFire  . . .     SeeInvis +     a - +0 long sword
rCold  . . .     Gourm    .     b - +0 scale mail
rNeg   . . .     Faith    .     c - +0 shield
rPois  .         Spirit   .     (helmet unavailable)
rElec  .         Dismiss  .     (no cloak)
rCorr  .         Reflect  .     (no gloves)
MR     .....     Harm     .     (no boots)
Stlth  ..........               (no amulet)
                                (no ring)
                                (no ring)

@: no status effects
A: permanent stasis, dig shafts and tunnels, four strong arms, antennae 3
a: Dig, Shaft Self


You were on level 3 of the Dungeon.
You were hungry.

You visited 1 branch of the dungeon, and saw 3 of its levels.

You collected 56 gold pieces.

Inventory:

Hand Weapons
 a - a +0 long sword (weapon)
Armour
 b - a +0 scale mail (worn)
 c - a +0 shield (worn)
Jewellery
 j - a +2 ring of slaying {unknown}
Wands
 m - a wand of digging (12/24)
Scrolls
 e - 3 scrolls of identify {unknown}
 g - a scroll of enchant weapon {unknown}
 h - a scroll of amnesia {unknown}
 i - a scroll of noise {unknown}
 n - 2 scrolls of random uselessness {unknown}
 o - 2 scrolls of remove curse {unknown}
 p - 2 scrolls of recharging {unknown}
 r - a scroll of fog {unknown}
 s - a scroll of teleportation {unknown}
 v - 2 scrolls of fear {unknown}
Potions
 d - a potion of might
 k - a potion of flight
 l - 2 potions of curing
 u - a potion of resistance
Comestibles
 f - 5 bread rations


   Skills:
 + Level 4.1 Fighting
 * Level 3.4 Long Blades
 - Level 3.2 Armour
 + Level 4.4 Shields


You had 3 spell levels left.
You didn't know any spells.

Dungeon Overview and Level Annotations

Branches:
Dungeon (3/15)

Altars:
Dithmenos
Elyvilon
Makhleb
Qazlal
Vehumet
Zin

Annotations:
D:3 Grinder


Innate Abilities, Weirdness & Mutations

You are under a permanent stasis effect.
You can dig through walls and to a lower floor.
Your four strong arms can wield two-handed weapons with a shield.
You have a pair of large antennae on your head. (SInv)


Message History

You start resting.
You completely miss Grinder.
Grinder is lightly wounded.
Grinder hits you.
You writhe in agony.
Grinder hits you!
You writhe in agony.
* * * LOW HITPOINT WARNING * * *
You are too injured to fight recklessly!
You are too injured to fight recklessly!
You are too injured to fight recklessly!
You are too injured to fight recklessly!
You are too injured to fight recklessly!
You are too injured to fight recklessly!
You are too injured to fight recklessly!
You are too injured to fight recklessly!
You are too injured to fight recklessly!
You closely miss Grinder.
Grinder is lightly wounded.
Grinder hits you!
* * * LOW HITPOINT WARNING * * *
You writhe in agony.
You die...

#....?...># #.
#.........## #.
#.......... #.
..........# #. .#
#.......... ########. .#
#...5..... ......... .#
#........# ######### .#
#.# #.##<#### # .# #.#
#.##..#@# # .#
#.###.##.#5## #
.#####.##...#.### #
....##.#...)..# #
###...........# ###
####.#.....## #..
#.##...#### #.#
#.###.#...## #.# #.#
#......###############.#


You could see Grinder.

Vanquished Creatures
  3 adders
  A dart slug (D:1)
  2 leopard geckos (D:3)
  8 bats
  4 giant cockroaches (D:1)
  6 goblins
  12 hobgoblins
  6 jackals
  3 ball pythons
  3 frilled lizards
  8 kobolds
  3 rats
59 creatures vanquished.

Notes
Turn   | Place    | Note
-------+----------+-------------------------------------------
     0 | D:1      | kae the Formicid Fighter began the quest for the Orb.
     0 | D:1      | Reached XP level 1. HP: 18/18 MP: 1/1
    71 | D:1      | Reached XP level 2. HP: 19/24 MP: 2/2
   338 | D:1      | Reached XP level 3. HP: 30/30 MP: 3/3
  1245 | D:2      | Found a burning altar of Makhleb.
  1326 | D:2      | Found a radiant altar of Vehumet.
  1326 | D:2      | Found a glowing silver altar of Zin.
  1506 | D:2      | Reached XP level 4. HP: 37/37 MP: 4/4
  1778 | D:2      | Found a shadowy altar of Dithmenos.
  1896 | D:2      | Found a stormy altar of Qazlal.
  2056 | D:2      | Found a white marble altar of Elyvilon.
  2607 | D:3      | Noticed Grinder
  2822 | D:3      | HP: 1/37 [Grinder (8)]
  2822 | D:3      | Slain by Grinder

Vault maps used:
D:1:      dpeg_arrival_yet_another_circle, minmay_strange_pillars
D:2:      overflow_temple_1_default, nicolae_overflow_hidden_temple,
          grunt_decor_fettered, dk_noncrumbling_3
D:3:      first_bread, small_statue_intersection, uniq_grinder

Skill      XL: |  1  2  3  4 |
---------------+-------------+-----
Shields        | 4 |  4.4
Long Blades    | 3 |  3.4
Fighting       | 4 |  4.1
Armour         | |  3.2

Action                   |  1- 3 |  4- 6 || total
-------------------------+-------+-------++-------
Melee: Long sword        |   108 |    84 ||   192
 Abil: Dig               |       |     2 ||     2
  Use: Potion            |       |     4 ||     4
  Eat: Meat ration       |       |     1 ||     1
       Chunk             |       |     1 ||     1
Armor: Scale mail        |    34 |    28 ||    62
Dodge: Dodged            |    32 |    21 ||    53
Block: Shield            |    62 |    44 ||   106
       Rpst.: Long sword |    12 |     5 ||    17
